 Dungeon Crawl Stone Soup version 0.30-a0-389-g8d7d949f56 (webtiles) character file.

Game seed: 12171487789839888733

494 PyroL the Purveyor of Pain (level 6, -2/32 HPs)
             Began as a Deep Elf Necromancer on Dec 3, 2022.
             Was an Initiate of Kikubaaqudgha.
             Slain by an ogre
             ... wielding a +0 giant club
              (34 damage)
             ... on level 5 of the Dungeon.
             The game lasted 00:09:15 (4534 turns).

PyroL the Purveyor of Pain (Deep Elf Necromancer)   Turns: 4534, Time: 00:09:15

Health: -2/32      AC:  3    Str:  5    XL:     6   Next: 92%
Magic:  15/18      EV: 12    Int: 22    God:    Kikubaaqudgha [......]
Gold:   238        SH:  0    Dex: 15    Spells: 9/19 levels left

rFire   . . .      SeeInvis .    x - +2 dagger (speed)
rCold   . . .      Faith    .    (no shield)
rNeg    . . .      Spirit   .    a - +0 robe
rPois   .          Reflect  .    z - +1 hat
rElec   .          Harm     .    (no cloak)
rCorr   .          Rampage  .    (no gloves)
Will    .....                    (no boots)
Stlth   ++........               (no amulet)
HPRegen 0.25/turn                (no ring)
MPRegen 0.16/turn                (no ring)

@: no status effects
A: no striking features
a: Renounce Religion


You were on level 5 of the Dungeon.
You worshipped Kikubaaqudgha.
Kikubaaqudgha was noncommittal.
You visited 2 branches of the dungeon, and saw 6 of its levels.

You collected 238 gold pieces.

Inventory:

Hand Weapons
 x - a +2 dagger of speed (weapon)
Missiles
 e - 6 javelins
 j - 20 poisoned darts
Armour
 a - a +0 robe (worn)
 z - a +1 hat (worn)
Jewellery
 t - a ring of flight
Wands
 v - a wand of acid (6)
Scrolls
 f - 2 scrolls of poison
 k - a scroll of magic mapping {unknown}
 l - a scroll of fog {unknown}
 o - a scroll of torment {unknown}
 p - a scroll of summoning
 u - 2 scrolls of teleportation {unknown}
 y - a scroll of brand weapon {unknown}
Potions
 b - 3 potions of magic
 c - 3 potions of curing
 d - a potion of flight {unknown}
 h - a potion of ambrosia {unknown}
 i - a potion of invisibility {unknown}
 n - a potion of mutation {unknown}
 q - a potion of brilliance {unknown}
 r - 2 potions of might
 s - a potion of resistance {unknown}
 w - a potion of haste {unknown}


   Skills:
 - Level 2.4 Dodging
 - Level 2.4 Stealth
 + Level 7.3 Spellcasting
 + Level 7.9 Necromancy


You had 9 spell levels left.
You knew the following spells:

 Your Spells              Type           Power      Damage    Failure   Level
a - Necrotise             Necr           100%       1d9       1%          1
b - Vampiric Draining     Necr           42%        2d9       1%          3
c - Animate Dead          Necr           42%        N/A       3%          4
d - Blink                 Tloc           16%        N/A       12%         2

Your spell library contained the following spells:

 Spells                   Type           Power      Damage    Failure   Level
 Agony                    Necr           42%        N/A       9%          5
 Ensorcelled Hibernation  Hex/Ice        16%        N/A       12%         2
 Momentum Strike          Conj/Tloc      16%        3d8       12%         2
 Passwall                 Tmut/Erth      6%         N/A       12%         2
 Lesser Beckoning         Tloc           16%        N/A       24%         3
 Swiftness                Air            8%         N/A       24%         3


Dungeon Overview and Level Annotations

Branches:
Dungeon (5/15)             Temple (1/1) D:4

Altars:
Ashenzari
Cheibriados
Dithmenos
Elyvilon
Fedhas
Gozag
Hepliaklqana
Kikubaaqudgha
Makhleb
Nemelex Xobeh
Okawaru
Qazlal
Sif Muna
Trog
Uskayaw
Vehumet
Xom
Zin
The Shining One

Shops:
D:1 (   D:3 *


Message History

Press: ? - help, Shift-Dir - straight line, f/p - scorpion
Aim: a scorpion (severely wounded)
Okay, then.
The scorpion writhes in agony.
You feel sick. The scorpion barely misses you.
The scorpion stings you but does no damage.
The scorpion writhes in agony!
You kill the scorpion!
Kikubaaqudgha accepts your kill.
You feel sick.
You can't see any susceptible monsters within range! (Use Z to cast anyway.)
Okay, then.
You start resting.
You feel sick. x4
You are no longer poisoned.
You start resting.
Magic restored.
You start resting.
HP restored.
You see here a scorpion corpse.
An ogre comes into view. It is wielding a +0 giant club.
The ogre shouts!
The ogre writhes in agony!
Casting: Necrotise (safe; 1% risk of failure)
Confirm with . or Enter, or press ? or * to list all spells.
Aiming: Necrotise (safe; 1% risk of failure)
Press: ? - help, Shift-Dir - straight line, f/p - ogre
Aim: an ogre, wielding a +0 giant club (moderately wounded, chance to affect: 83%)
The ogre barely resists.
The ogre attacks as you move away! The ogre hits you with a +0 giant club.
The ogre writhes in agony.
You hit the ogre.
The ogre is heavily wounded.
The ogre barely misses you. The ogre attacks as you move away!
The ogre completely misses you.
The ogre writhes in agony.
You barely miss the ogre.
The ogre is heavily wounded.
The ogre hits you with a +0 giant club!!
Ouch! That really hurt!
You die...
Kikubaaqudgha rasps: "You have failed me!
Welcome... death!"

.......#####..##......###
#.##.##
##..............##..###
#.....#
##.........###.......#
#.....## .
#....##.######..##...#
##Y....# .##....##.####.#.##
#........#.##
..#...##..##.....#
#........### ......
##..†.#...##.#.......##
...........###..O..........##
.....>......###.@#........#
.....##..###...#........#
..... ##.# #.... .^... ....
..# ##......### ... ...
#....### ..# #.. #...## .....
.....


You could see an ogre.

Vanquished Creatures
  A phantom (D:4)
  2 scorpions (D:5)
  2 jellies (D:3)
  2 orc priests
  An iguana (D:4)
  An orc wizard (D:2)
  An adder (D:3)
  2 gnolls (D:5)
  A worm (D:2)
  A dart slug (D:4)
  8 orcs
  6 bats
  15 endoplasms
  2 giant cockroaches
  3 goblins (D:4)
  10 hobgoblins
  2 jackals (D:3)
  18 kobolds
  5 quokkas
  8 ball pythons
  4 rats
95 creatures vanquished.

Vanquished Creatures (collateral kills)
  A kobold (D:3)
1 creature vanquished.

Vanquished Creatures (others)
  8 fungi (D:3)
  7 toadstools (D:3)
15 creatures vanquished.

Grand Total: 111 creatures vanquished

Notes
Turn   | Place    | Note
-------+----------+-------------------------------------------
     0 | D:1      | PyroL the Deep Elf Necromancer began the quest for the Orb.
     0 | D:1      | Reached XP level 1. HP: 10/10 MP: 6/6
   160 | D:1      | Found Isirirol's Weapon Boutique.
   181 | D:1      | Reached skill level 5 in Necromancy
   297 | D:1      | Reached XP level 2. HP: 15/15 MP: 5/8
   919 | D:2      | Reached XP level 3. HP: 2/19 MP: 0/10
  1108 | D:2      | Found a faded altar of an unknown god.
  1371 | D:2      | Reached XP level 4. HP: 24/24 MP: 5/12
  1379 | D:2      | Reached skill level 5 in Spellcasting
  1383 | D:2      | Learned a level 3 spell: Vampiric Draining
  1388 | D:2      | Learned a level 4 spell: Animate Dead
  1391 | D:2      | Learned a level 2 spell: Blink
  2335 | D:3      | Found Lurrysk's Assorted Antiques.
  2452 | D:3      | Noticed a water elemental
  2454 | D:3      | Found a stormy altar of Qazlal.
  2463 | D:3      | Reached XP level 5. HP: 28/28 MP: 10/14
  2489 | D:3      | Noticed a fire elemental
  2541 | D:3      | Noticed an air elemental
  2669 | D:3      | Found a sparkling altar of Nemelex Xobeh.
  3288 | D:4      | Found a staircase to the Ecumenical Temple.
  3308 | Temple   | Entered the Ecumenical Temple
  3317 | Temple   | Became a worshipper of Kikubaaqudgha
  3391 | D:4      | Noticed a phantom
  3405 | D:5      | Entered Level 5 of the Dungeon
  3462 | D:5      | Noticed an ice beast
  3504 | D:4      | Killed a phantom
  3505 | D:4      | Reached XP level 6. HP: 20/32 MP: 15/17
  4534 | D:5      | Slain by an ogre

Illustrated notes

Levels and vault maps discovered:
D:1:      roderic_chinese_lattice_arrival, layout_basic, serial_shops,
          nicolae_shop_bloodbath_and_beyond, dreamdust_mushroom_princess,
          chequers_garden, amethyst_killhole
D:2:      layout_basic, ebering_ecumenical_altar_mist
D:3:      cheibrodos_fertilizer, layout_basic, nemelex_spade_bored_becter,
          nicolae_qazlal_style_of_elements, serial_shops, nicolae_shop_stone,
          minmay_misc_feat_iff
D:4:      layout_loops_ring, minmay_temple_entry_drinking_statues
D:5:      layout_cave_pools, mainiacjoe_overflow_concentric_impassable,
          lightli_minifort
Temple:   sentei_temple_godly_chess

Skill      XL: |  1  2  3  4  5  6 |
---------------+-------------------+-----
Necromancy     | 5 6 7 |  7.9
Spellcasting   | 4 5 6 7 |  7.3
Dodging        | |  2.4
Stealth        | |  2.4

Action                   |  1- 3 |  4- 6 || total
-------------------------+-------+-------++-------
Melee: Unarmed           |     1 |       ||     1
       Trident           |    20 |     9 ||    29
       Punch             |     1 |     2 ||     3
       Dagger            |       |    56 ||    56
 Cast: Necrotise         |    55 |   120 ||   175
       Vampiric Draining |       |     4 ||     4
  Use: Scroll            |       |     5 ||     5
 Stab: Sleeping          |       |     1 ||     1
Armor: Robe              |     5 |    16 ||    21
Dodge: Dodged            |    22 |    59 ||    81

Table legend: (Time is in decaauts)
 A = Elapsed time spent in this place.
 B = Non-inter-level travel time spent in this place.
 C = Inter-level travel time spent in this place.
 D = Time resting spent in this place.
 E = Time spent auto-exploring this place.
 F = Levels seen in this place.
 G = Mean time per level.
                   A        B        C        D        E       F      G
               +--------+--------+--------+--------+--------+-----+--------+
         Total |   4530 |   4321 |    209 |    813 |   2766 |   6 |  755.0 |
       Dungeon |   4512 |   4312 |    200 |    813 |   2766 |   5 |  902.4 |
        Temple |     18 |      9 |      9 |      0 |      0 |   1 |   18.0 |
               +--------+--------+--------+--------+--------+-----+--------+

Top non-repeatable levels by time:
     D:4: 1283 daAuts
     D:3: 1199 daAuts
     D:2: 953 daAuts
     D:1: 830 daAuts
     D:5: 245 daAuts
  Temple: 18 daAuts
